 Dungeon Crawl Stone Soup version 0.19.1-1-g22dce08 (webtiles) character file.

54258 Mew the Basher (level 14, -2/129 HPs)
             Began as a Minotaur Monk on Jan 14, 2017.
             Was a High Priest of the Shining One.
             Killed by divine providence
             ... invoked by a meliai
              (15 damage)
             ... on level 13 of the Dungeon.
             The game lasted 02:26:39 (29516 turns).

Mew the Basher (Minotaur Monk)                     Turns: 29516, Time: 02:26:40

Health: -2/129     AC: 19    Str: 20    XL:     14   Next: 33%
Magic:  19/19      EV: 10    Int:  8    God:    the Shining One [*****.]
Gold:   948        SH:  0    Dex: 13    Spells: 1 memorised, 19 levels left

rFire  + . .     SeeInvis +     d - +1 flail (crush)
rCold  . . .     Gourm    .     C - +2 plate armour {rF+}
rNeg   + + .     Faith    .     (no shield)
rPois  .         Spirit   .     s - +1 hat
rElec  .         Reflect  .     n - +2 cloak
rCorr  .         Harm     .     (no gloves)
MR     ++...                    j - +1 pair of boots
Stlth  ..........               (no amulet)
                                f - ring of see invisible
                                E - ring of protection from magic

@: very slightly contaminated, hasted, glowing, repel missiles, very quick
A: retaliatory headbutt, horns 2
a: Divine Shield, Cleansing Flame, Summon Divine Warrior, Renounce Religion


You were on level 13 of the Dungeon.
You worshipped the Shining One.
The Shining One was extremely pleased with you.
You were not hungry.

You visited 7 branches of the dungeon, and saw 23 of its levels.

You collected 2200 gold pieces.
You spent 1252 gold pieces at shops.

Inventory:

Hand Weapons
 c - a +2 whip of flaming
 d - a +1 flail of crushing (weapon)
 k - a +2 war axe of electrocution
 q - a +1 shortbow of flaming
 F - a +0 flail of protection
 J - a +3 great sword
 K - a +1 battleaxe of freezing
 S - a +1 dire flail
Missiles
 h - 37 tomahawks (quivered)
 t - 314 arrows
Armour
 j - a +1 pair of boots (worn)
 n - a +2 cloak (worn)
 s - a +1 hat (worn)
 B - the +3 pair of boots of Kaanuig {rF+ Str-2 Int+2}
   (You found it on level 1 of the Lair of Beasts)

   It affects your strength (-2).
   It affects your intelligence (+2).
   It protects you from fire.
 C - a +2 plate armour of fire resistance (worn)
 G - a +2 plate armour of poison resistance
 W - a +2 robe of cold resistance
Jewellery
 a - a +4 ring of intelligence
 e - an uncursed ring of wizardry
 f - a ring of see invisible (right hand)
 i - an uncursed ring of protection from fire
 l - an uncursed ring of protection from fire
 E - a ring of protection from magic (left hand)
Wands
 b - a wand of polymorph (11/24)
 g - a wand of flame (1/48)
 p - a wand of flame (1/48)
 z - a wand of lightning (9/15)
 D - a wand of lightning (8/15)
 I - a wand of lightning (2/15)
 P - a wand of iceblast (1/15)
 Q - a wand of paralysis (1/24)
Scrolls
 w - 5 scrolls of remove curse
 x - 4 scrolls of magic mapping
 L - 2 scrolls of enchant armour
 N - a scroll of fog
 T - 2 scrolls of amnesia
Potions
 r - a potion of curing
 u - a potion of berserk rage
 v - a potion of might
 A - 2 potions of haste
 M - a potion of invisibility
 O - 3 potions of cure mutation
 U - 2 potions of flight {unknown}
 V - 4 potions of brilliance
 Y - a potion of agility
Books
 y - a book of Battle

   Spells                             Type                      Level
   a - Infusion                       Charms                       1
   b - Shroud of Golubria             Charms/Translocation         2
   c - Song of Slaying                Charms                       2
   d - Spectral Weapon                Hexes/Charms                 3
   e - Regeneration                   Charms/Necromancy            3
 Z - a book of Minor Magic

   Spells                             Type                      Level
   a - Magic Dart                     Conjuration                  1
   b - Blink                          Translocation                2
   c - Call Imp                       Summoning                    2
   d - Repel Missiles                 Charms/Air                   2
   e - Slow                           Hexes                        2
   f - Conjure Flame                  Conjuration/Fire             3
   g - Mephitic Cloud                 Conjuration/Poison/Air       3
Comestibles
 o - 26 fruits
 H - a beef jerky


   Skills:
 + Level 13.4 Fighting
 + Level 13.8(16.1) Axes
 - Level 14.4(16.4) Maces & Flails
 + Level 3.7 Throwing
 - Level 3.4 Armour
 + Level 9.9 Dodging
 - Level 1.6 Stealth
 - Level 4.3 Spellcasting
 + Level 0.5 Charms
 * Level 8.6 Invocations
 - Level 4.8 Evocations


You had 19 spell levels left.
You knew the following spells:

 Your Spells              Type           Power        Failure   Level  Hunger
a - Repel Missiles        Chrm/Air       #.....       100%        2    ###....


Dungeon Overview and Level Annotations

Branches:
Dungeon (14/15)            Temple (1/1) D:6            Lair (3/6) D:11
 Shoals (1/4) Lair:2       Spider (1/4) Lair:2          Orc (2/2) D:12
    Elf (1/3) Orc:2
 Vaults: D:13-14

Altars:
Ashenzari
Cheibriados
Dithmenos
Hepliaklqana
Kikubaaqudgha
Nemelex Xobeh
Okawaru
Qazlal
Trog
Uskayaw
Vehumet
Xom
Yredelemnul
Zin
The Shining One
Beogh

Shops:
D:6 (   Orc:2 !![(

Annotations:
Shoals:1 Josephine


Innate Abilities, Weirdness & Mutations

You reflexively headbutt those who attack you in melee.
You have a pair of horns on your head.


Message History

The meliai calls upon its god to heal the meliai.
The meliai's wounds heal themselves!
The meliai calls upon its god to heal the meliai.
The meliai's wounds heal themselves!
There is an open door here.
The meliai closely misses you. The meliai barely misses you.
The meliai invokes the aid of its god against you.
Something smites you!
* * * LOW HITPOINT WARNING * * *
Your halo prevents invisibility.
You feel better. The meliai hits you but does no damage.
The meliai stings you but does no damage.
The meliai hits you but does no damage.
The meliai stings you but does no damage.
The meliai calls down the wrath of its god upon you.
Something smites you!
* * * LOW HITPOINT WARNING * * *
The meliai mumbles some strange prayers to its god against you.
Something smites you!
You die...

#################################
.................................
#.......####........##...###.....
#....#..# #........##...# #.....
#.......# #........##...###.....
#.......# #....@yy..............
........# #....#########'######.
##.>....####....#......y.......#.
.#.......[......#......y.......#.
.#.....##########..............#.
.#.....#..........>[...........#.
.#.###)#.......................#.
.'.###.#.......................#.
##.....#..♣♣♣..##♣♣♣♣###########.


You could see 2 meliai.

Vanquished Creatures
  The ghost of monokles the Fighter, a journeyman DsMo of Ru (D:13)
  The ghost of Meyru the Cleaver, a journeyman MiFi of Okawaru (Lair:2)
  The ghost of Mew the Basher, a journeyman MiMo of the Shining One (D:12)
  3 hydras
  2 death knights
  An orc high priest (Orc:1)
  2 skeletal warriors (D:13)
  An unseen horror (D:11)
  A sea snake (Shoals:1)
  2 hill giants
  A lindwurm (Orc:2)
  A phantasmal warrior (D:13)
  Pikel (D:4)
  10 orc knights
  A deep elf mage (D:12)
  A wolf spider (Lair:2)
  An orb spider (Spider:1)
  A manticore (D:11)
  A faun (Shoals:1)
  An orc sorcerer (Orc:2)
  A siren (Shoals:1)
  Maurice (D:10)
  6 centaur skeletons
  2 spiny frogs (Lair:1)
  2 gargoyles
  A kobold demonologist (D:13)
  3 komodo dragons
  2 freezing wraiths
  2 hellwings (D:11)
  2 merfolk (Shoals:1)
  A meliai (D:13)
  Grinder (D:3)
  A hornet (D:11)
  6 trolls
  A jumping spider (shapeshifter) (D:13)
  A jumping spider (Lair:2)
  A two-headed ogre (Orc:1)
  3 polar bears (D:11)
  A snapping turtle (Lair:2)
  4 slime creatures (D:13)
  The ghost of fatfloppyjuicyveiny the Covert, an amateur OpAs (D:6)
  5 hippogriffs
  2 water elementals (Shoals:1)
  2 tarantellas (Lair:2)
  2 redbacks (Lair:2)
  A shadow (D:13)
  A wyvern (D:12)
  31 yaks
  3 wraiths
  A steam dragon (D:11)
  A basilisk (D:13)
  3 vampire mosquitoes (D:13)
  A hungry ghost (D:10)
  Edmund (D:4)
  7 wargs
  6 water moccasins
  2 porcupines (Lair:1)
  6 black bears
  A hornet zombie (D:11)
  38 orc warriors
  2 ice beasts
  2 slaves (D:4)
  4 sky beasts
  18 ogres
  An eye of draining (D:12)
  A necrophage (D:11)
  3 wolves (Lair:1)
  16 centaurs
  2 crocodiles
  3 big kobolds
  9 bullfrogs
  2 gnoll sergeants
  A water moccasin zombie (D:10)
  5 scorpions
  67 killer bees
  4 wights (D:6)
  4 howler monkeys
  2 electric eels (Lair:2)
  2 crimson imps
  8 centaur zombies
  A quasit (D:6)
  5 bullfrog zombies
  2 jellies
  20 orc priests
  10 hounds
  24 orc wizards
  3 bullfrog skeletons
  7 iguanas
  Natasha (D:2)
  10 worker ants
  A howler monkey zombie (D:8)
  15 gnolls
  A howler monkey skeleton (D:4)
  12 adders
  9 shadow imps
  2 worms
  3 dart slugs
  11 leopard geckos
  115 orcs
  5 giant cockroaches
  4 goblins
  8 hobgoblins
  21 jackals
  A quokka (D:10)
  6 bats
  7 frilled lizards
  13 kobolds
  A quokka skeleton (D:8)
  A quokka zombie (D:9)
  6 rats
  3 fungi
  A plant (Lair:2)
676 creatures vanquished.

Vanquished Creatures (others)
  An orc (Orc:2)
  2 plants
  A withered plant (D:11)
4 creatures vanquished.

Grand Total: 680 creatures vanquished

Notes
Turn   | Place    | Note
-------+----------+-------------------------------------------
     0 | D:1      | Mew the Minotaur Monk began the quest for the Orb.
     0 | D:1      | Reached XP level 1. HP: 19/19 MP: 0/0
    60 | D:1      | >
   117 | D:2      | Reached XP level 2. HP: 12/27 MP: 1/1
   632 | D:3      | Noticed a phantom
   706 | D:2      | Reached XP level 3. HP: 22/33 MP: 2/2
   722 | D:2      | Noticed Natasha
   728 | D:2      | Killed Natasha
  1021 | D:3      | Found a shadowy altar of Dithmenos.
  1048 | D:3      | Reached XP level 4. HP: 20/40 MP: 3/3
  1227 | D:3      | Reached skill level 5 in Axes
  1295 | D:3      | Reached skill level 1 in Spellcasting
  1295 | D:3      | Reached XP level 5. HP: 20/47 MP: 3/5
  1452 | D:4      | Noticed a slave
  1453 | D:4      | Noticed a slave
  1454 | D:4      | Noticed a slave
  1454 | D:4      | Noticed a slave
  1482 | D:4      | Killed a slave
  1884 | D:3      | Noticed Grinder
  2328 | D:3      | Found a hide-covered altar of Uskayaw.
  2550 | D:3      | Paralysed by Grinder for 4 turns
  2568 | D:3      | Killed Grinder
  2568 | D:3      | Reached skill level 5 in Fighting
  2568 | D:3      | Reached XP level 6. HP: 26/56 MP: 5/8
  2824 | D:4      | Noticed Edmund
  2832 | D:4      | Killed Edmund
  2832 | D:4      | Reached XP level 7. HP: 56/61 MP: 9/9
  2880 | D:4      | Noticed Pikel
  2889 | D:4      | Killed Pikel
  2889 | D:4      | Reached skill level 1 in Maces & Flails
  2889 | D:4      | Reached skill level 1 in Throwing
  2889 | D:4      | Reached skill level 5 in Dodging
  3048 | D:4      | Reached XP level 8. HP: 52/70 MP: 11/11
  3186 | D:4      | Reached skill level 2 in Maces & Flails
  3274 | D:4      | Found a stormy altar of Qazlal.
  3378 | D:5      | Entered Level 5 of the Dungeon
  3709 | D:5      | Reached skill level 3 in Maces & Flails
  4309 | D:5      | Reached skill level 4 in Maces & Flails
  4490 | D:5      | Found a basalt altar of Yredelemnul.
  4565 | D:5      | Reached skill level 5 in Maces & Flails
  4950 | D:6      | Noticed fatfloppyjuicyveiny's ghost (amateur OpAs)
  4989 | D:6      | Killed fatfloppyjuicyveiny's ghost
  4989 | D:6      | Reached XP level 9. HP: 53/78 MP: 11/13
  5046 | D:5      | Reached skill level 6 in Maces & Flails
  5282 | D:6      | Found a staircase to the Ecumenical Temple.
  5294 | Temple   | Entered the Ecumenical Temple
  5339 | Temple   | Became a worshipper of the Shining One
  5339 | Temple   | Reached * piety under the Shining One
  5339 | Temple   | Reached ** piety under the Shining One
  5907 | D:6      | Reached skill level 7 in Maces & Flails
  6205 | D:6      | Found Xiaseuj's Weapon Shop.
  6631 | D:6      | Reached skill level 8 in Maces & Flails
  7615 | D:7      | Reached skill level 9 in Maces & Flails
  8753 | D:8      | Reached XP level 10. HP: 80/86 MP: 15/15
  8988 | D:8      | Reached *** piety under the Shining One
  9865 | D:9      | Reached skill level 10 in Maces & Flails
 10463 | D:10     | Entered Level 10 of the Dungeon
 10816 | D:10     | Noticed Maurice
 11032 | D:10     | Noticed a hill giant
 11050 | D:10     | Killed a hill giant
 11050 | D:10     | Reached skill level 11 in Maces & Flails
 11050 | D:10     | Reached skill level 1 in Evocations
 11180 | D:10     | Killed Maurice
 11212 | D:10     | Noticed a gargoyle
 11227 | D:10     | Killed a gargoyle
 11227 | D:10     | Reached skill level 1 in Armour
 11586 | D:10     | Reached XP level 11. HP: 78/97 MP: 16/16
 11597 | D:10     | Reached skill level 12 in Maces & Flails
 11597 | D:10     | Reached skill level 1 in Invocations
 12147 | D:11     | Reached **** piety under the Shining One
 12369 | D:11     | Noticed an unseen horror
 12384 | D:11     | Killed an unseen horror
 12470 | D:11     | Reached skill level 13 in Maces & Flails
 12727 | D:11     | Found a staircase to the Lair.
 12989 | D:11     | Noticed a hill giant
 12998 | D:11     | Killed a hill giant
 13121 | D:11     | Noticed a five-headed hydra
 13128 | D:11     | Killed a five-headed hydra
 13128 | D:11     | Reached skill level 10 in Fighting
 13189 | D:11     | Got a scorched scale mail
 13190 | D:11     | Identified the +5 scale mail of It's Over Quickly {rF- Dex+4} (You found it on level 11 of the Dungeon)
 13324 | D:12     | Learned a level 2 spell: Repel Missiles
 13351 | D:12     | Reached ***** piety under the Shining One
 13370 | D:12     | Found a staircase to the Orcish Mines.
 13424 | D:12     | Reached XP level 12. HP: 89/106 MP: 17/17
 13487 | D:12     | Noticed Mew's ghost (journeyman MiMo)
 13536 | D:12     | Killed Mew's ghost
 13790 | D:12     | Found Rirhih's Distillery.
 13929 | D:12     | Bought a potion of curing for 42 gold pieces
 13929 | D:12     | Bought a potion of curing for 42 gold pieces
 13929 | D:12     | Bought a potion of heal wounds for 70 gold pieces
 13929 | D:12     | Bought 2 potions of lignification for 84 gold pieces
 13929 | D:12     | Bought a potion of curing for 42 gold pieces
 13929 | D:12     | Bought a potion of might for 56 gold pieces
 14223 | D:12     | Reached skill level 14 in Maces & Flails
 14491 | Orc:1    | Entered Level 1 of the Orcish Mines
 15339 | Orc:1    | Found a roughly hewn altar of Beogh.
 15340 | Orc:1    | Noticed an orc high priest
 15502 | Orc:1    | Killed an orc high priest
 15502 | Orc:1    | Reached skill level 5 in Invocations
 15772 | Orc:2    | Entered Level 2 of the Orcish Mines
 17527 | Orc:2    | Found a staircase to the Elven Halls.
 17789 | Orc:1    | Reached XP level 13. HP: 84/116 MP: 18/18
 18196 | Orc:2    | Found Gevisid's Distillery.
 18196 | Orc:2    | Found Xorpha's Distillery.
 18205 | Orc:2    | Bought a potion of brilliance for 56 gold pieces
 18205 | Orc:2    | Bought a potion of haste for 140 gold pieces
 18205 | Orc:2    | Bought a potion of cure mutation for 350 gold pieces
 18205 | Orc:2    | Bought a potion of haste for 140 gold pieces
 18205 | Orc:2    | Bought a potion of heal wounds for 70 gold pieces
 18218 | Orc:2    | Bought a potion of haste for 100 gold pieces
 18218 | Orc:2    | Bought a potion of curing for 30 gold pieces
 18218 | Orc:2    | Bought a potion of curing for 30 gold pieces
 18230 | Orc:2    | Found a roughly hewn altar of Beogh.
 18492 | Orc:1    | Reached skill level 10 in Axes
 20086 | D:13     | HP: 5/117 [mirror damage (10)]
 20519 | Lair:1   | Entered Level 1 of the Lair of Beasts
 21829 | Lair:1   | Got a pair of steaming boots
 21840 | Lair:1   | Identified the +3 pair of boots of Kaanuig {rF+ Str-2 Int+2} (You found it on level 1 of the Lair of Beasts)
 22824 | Lair:2   | Found a hole to the Spider Nest.
 22832 | Lair:2   | Found a radiant altar of Vehumet.
 23387 | Lair:2   | Noticed Meyru's ghost (journeyman MiFi)
 23409 | Lair:2   | Killed Meyru's ghost
 23464 | Spider:1 | Entered Level 1 of the Spider Nest
 24492 | Lair:2   | Found a staircase to the Shoals.
 24607 | Shoals:1 | Entered Level 1 of the Shoals
 25138 | Shoals:1 | Noticed Josephine
 26282 | Orc:2    | Found Weit Fio's Weapon Shop.
 26282 | Orc:2    | Found Poleipt's Antique Armour Emporium.
 26555 | Elf:1    | Entered Level 1 of the Elven Halls
 26840 | D:13     | Reached XP level 14. HP: 101/127 MP: 19/19
 27184 | D:13     | Noticed monokles's ghost (journeyman DsMo)
 27224 | D:13     | Killed monokles's ghost
 29516 | D:13     | Killed from afar by a meliai

Skill      XL: |  1  2  3  4  5  6  7  8  9 10 11 12 13 14 |
---------------+-------------------------------------------+-----
Axes           | 4 5 6 7 8 9 12 13 | 13.8
Fighting       | 4 5 6 7 9 10 11 12 13 | 13.4
Spellcasting   | 1 2 3 4 |  4.3
Dodging        | 4 5 6 8 9 |  9.9
Maces & Flails | 1 5 9 11 13 14 | 14.4
Throwing       | 1 2 3 |  3.7
Evocations     | 1 4 |  4.8
Armour         | 1 3 |  3.4
Invocations    | 3 6 7 8 |  8.6
Stealth        | |  1.6
Charms         | |  0.5

Action                   |  1- 3 |  4- 6 |  7- 9 | 10-12 | 13-15 || total
-------------------------+-------+-------+-------+-------+-------++-------
Melee: Hand axe          |    75 |   121 |       |       |       ||   196
       Headbutt          |    14 |    17 |    58 |   193 |   115 ||   397
       Flail             |       |       |   304 |   738 |    51 ||  1093
       Whip              |       |       |     9 |       |       ||     9
       War axe           |       |       |       |   168 |   312 ||   480
       Battleaxe         |       |       |       |       |   231 ||   231
Throw: Tomahawk          |       |     3 |     5 |    22 |    25 ||    55
 Cast: Repel Missiles    |       |       |       |     3 |     2 ||     5
Invok: Divine Shield     |       |       |       |     8 |       ||     8
       Cleansing Flame   |       |       |       |       |     4 ||     4
Evoke: Wand              |       |       |     3 |    19 |    38 ||    60
  Use: Scroll            |     1 |     7 |    13 |    22 |    10 ||    53
       Potion            |       |     1 |     1 |     4 |    14 ||    20
 Stab: Sleeping          |       |     2 |     1 |       |       ||     3
       Distracted        |       |     1 |       |       |       ||     1
  Eat: Chunk             |       |     3 |     2 |     5 |     7 ||    17
       Bread ration      |       |     2 |     2 |     3 |     2 ||     9
       Fruit             |       |     1 |       |     1 |     5 ||     7
       Meat ration       |       |       |     2 |     1 |     3 ||     6
       Pizza             |       |       |       |     2 |     1 ||     3
       Beef jerky        |       |       |       |     2 |     1 ||     3
       Royal jelly       |       |       |       |       |     2 ||     2
Armor: Robe              |    11 |    26 |    66 |    48 |       ||   151
       Troll leather arm |       |       |       |   168 |       ||   168
       Plate armour      |       |       |       |    23 |   551 ||   574
Dodge: Dodged            |    56 |    70 |   230 |   666 |   395 ||  1417
       Deflected         |       |       |       |     5 |     3 ||     8
Block: Other             |       |       |       |    27 |       ||    27
